 Dungeon Crawl Stone Soup version 0.31-a0-596-g831eee08f1 (webtiles) character file.

Game seed: 2050034728617333931

4175 Fodor the Protected (level 10, -4/90 HPs)
             Began as a Minotaur Fighter on Aug 21, 2023.
             Was an Initiate of Gozag.
             Shot with an arrow by a centaur (7 damage)
             ... on level 8 of the Dungeon.
             The game lasted 00:43:29 (7049 turns).

Fodor the Protected (Minotaur Fighter)              Turns: 7049, Time: 00:43:30

Health: -4/90      AC: 15    Str: 25    XL:     10   Next: 8%
Magic:  9/9        EV: 10    Int:  5    God:    Gozag
Gold:   243        SH:  5    Dex: 10    Spells: 9/9 levels left

rFire   . . .        c - +5 woodcutter's axe
rCold   . . .        (shield currently unavailable)
rNeg    . . .        h - +0 chain mail
rPois   .            (helmet restricted)
rElec   .            (no cloak)
rCorr   .            k - +2 pair of gloves
SInv    .            (no boots)
Will    .....        q - amulet of reflection Stlth
                     (no ring)
HPRegen 0.35/turn    (no ring)
MPRegen 0.11/turn

%: reflection
@: no status effects
A: horns 2, retaliatory headbutt
a: Renounce Religion, Potion Petition, Call Merchant, Bribe Branch


You were on level 8 of the Dungeon.
You worshipped Gozag.
Gozag was aware of your devotion.
You visited 2 branches of the dungeon, and saw 9 of its levels.

You collected 537 gold pieces.
You spent 146 gold pieces at shops.
You paid 148 gold pieces to Gozag.

Inventory:

Hand Weapons
 c - the +5 woodcutter's axe (weapon)
   (You found it on level 7 of the Dungeon)
 o - a +1 heavy hand axe
 r - a +0 shortbow
 A - a +0 executioner's axe of freezing
Missiles
 E - 2 atropa-tipped darts (quivered)
 F - 4 javelins
Armour
 a - a +2 buckler
 h - a +0 chain mail (worn)
 k - a +2 pair of gloves (worn)
Jewellery
 q - an amulet of reflection (around neck)
 t - a ring of protection from cold
Talismans
 C - a serpent talisman
Wands
 f - a wand of paralysis (15)
 B - a wand of polymorph (9)
Scrolls
 b - 2 scrolls of revelation
 i - 3 scrolls of amnesia
 l - 3 scrolls of poison
 m - a scroll of immolation
 n - a scroll of teleportation
 p - 3 scrolls of identify
 u - a scroll of fear
 w - a scroll of noise
 x - a scroll of vulnerability
Potions
 d - 2 potions of might
 g - a potion of enlightenment {unknown}
 j - 2 potions of cancellation {unknown}
 s - 3 potions of resistance {unknown}
 v - a potion of brilliance {unknown}
 z - 2 potions of attraction {unknown}
 D - 2 potions of haste {unknown}


   Skills:
 + Level 8.6 Fighting
 + Level 3.3 Long Blades
 + Level 9.7 Axes
 + Level 0.8 Ranged Weapons
 + Level 0.6 Throwing
 + Level 10.1 Armour
 + Level 5.8 Dodging
 + Level 4.1 Stealth
 + Level 9.0 Shields


You had 9 spell levels left.
You didn't know any spells.
Your spell library contained the following spells:

 Spells                   Type           Power      Damage    Failure   Level
 Magic Dart               Conj           0%         1d3       91%         1
 Sandblast                Erth           0%         2d4       91%         1
 Call Imp                 Summ           0%         N/A       97%         2
 Cigotuvi's Dreadful Rot  Necr/Pois/Air  0%         N/A       97%         2
 Lesser Beckoning         Tloc           0%         N/A       97%         2
 Passwall                 Tmut/Erth      0%         N/A       97%         2
 Gell's Gravitas          Tloc           0%         N/A       100%        3
 Hailstorm                Conj/Ice       0%         3d3       100%        3
 Ignite Poison            Fire/Tmut/Pois 0%         N/A       100%        3
 Mephitic Cloud           Conj/Pois/Air  0%         N/A       100%        3
 Stone Arrow              Conj/Erth      0%         3d7       100%        3
 Teleport Other           Tloc           0%         N/A       100%        3
 Summon Ice Beast         Ice/Summ       0%         N/A       100%        4
 Freezing Cloud           Conj/Ice/Air   0%         6-21      100%        5
 Simulacrum               Ice/Necr       Unusable   N/A       N/A         6

Dungeon Overview and Level Annotations

Branches:
Dungeon (8/15)             Temple (1/1) D:7
   Lair: D:8-11

Altars:
Cheibriados
Dithmenos
Elyvilon
Fedhas
Gozag
Hepliaklqana
Kikubaaqudgha
Nemelex Xobeh
Okawaru
Qazlal
Ru
Sif Muna
Wu Jian
Xom
Yredelemnul
Zin
The Shining One

Shops:
D:5 *?=([   D:6 ==*(?   D:7 !

Annotations:
D:5 3 runed translucent doors, bahustanut's ghost, amateur DjHW


Innate Abilities, Weirdness & Mutations

You have a pair of horns on your head.
You reflexively headbutt those who attack you in melee.


Message History

* * * LOW HITPOINT WARNING * * *
You feel better.
The boulder beetle completely misses you.
You feel better.
The boulder beetle leaps!
You slash the boulder beetle!
The boulder beetle is almost dead.
The boulder beetle bites you!
You hit the boulder beetle. You headbutt the boulder beetle.
The boulder beetle is almost dead.
The boulder beetle leaps!
The boulder beetle bites you!
* * * LOW HITPOINT WARNING * * *
You hit the boulder beetle but do no damage.
The boulder beetle is almost dead.
The boulder beetle closely misses you. You furiously retaliate!
You headbutt the boulder beetle.
You kill the boulder beetle!
Your Armour skill increases to level 10!
Your Shields skill increases to level 9!
You have reached level 10!
You now have 243 gold pieces (gained 15).
You start resting.
A centaur is nearby!
The centaur wields a +0 orcbow of flaming.
It bursts into flame!
The centaur shoots an arrow.
The arrow misses you.
Things that are here:
3 gold pieces; a +0 mace; a +0 ring mail The centaur shoots an arrow.
The arrow hits you!
* * * LOW HITPOINT WARNING * * *
The arrow burns you.
* * * LOW HITPOINT WARNING * * *
The centaur shoots an arrow.
The arrow hits you but does no damage.
The centaur shoots an arrow.
The arrow barely misses you.
The centaur shoots an arrow.
The arrow hits you!
* * * LOW HITPOINT WARNING * * *
The arrow burns you.
* * * LOW HITPOINT WARNING * * *
The centaur shoots an arrow.
The arrow hits you!
You die...
Your body crumbles into a pile of gold.

##.. #.............
#..##....###..
############..##.#
#####.............# .#
[....###########@.##.###.
####.# #.................
#.# #########..#######
#.# #..# #.# #..# #.#
#..# #.# #..# #.# #..#
#.# #..#


You could see a centaur.

Vanquished Creatures
  A boulder beetle (D:8)
  Grinder (D:5)
  Menkaure (D:5)
  A water moccasin (D:5)
  An ice beast (D:6)
  A black bear (D:7)
  An ogre (D:5)
  A centaur (D:8)
  A bullfrog (D:7)
  3 gnoll sergeants (D:7)
  4 scorpions
  3 wights (D:8)
  A howler monkey (D:6)
  2 hounds (D:5)
  2 jellies
  2 orc priests
  2 gnoll boudas (D:7)
  Jessica (D:2)
  4 orc wizards
  2 iguanas
  A hound zombie (D:5)
  4 gnolls (D:7)
  8 adders
  A white imp (D:7)
  An ufetubus (D:7)
  An adder zombie (D:5)
  A worm (D:3)
  2 dart slugs
  18 orcs
  11 ball pythons
  6 endoplasms
  3 giant cockroaches
  8 hobgoblins
  4 kobolds
  2 quokkas
  2 bats (D:2)
  A frilled lizard (D:2)
  9 goblins
  3 rats
121 creatures vanquished.

Vanquished Creatures (others)
  A kobold (D:4)
1 creature vanquished.

Grand Total: 122 creatures vanquished

Notes
Turn   | Place    | Note
-------+----------+-------------------------------------------
     0 | D:1      | Fodor the Minotaur Fighter began the quest for the Orb.
     0 | D:1      | Reached XP level 1. HP: 19/19 MP: 0/0
   605 | D:1      | Reached XP level 2. HP: 23/27 MP: 1/1
  1187 | D:2      | Reached skill level 1 in Dodging
  1187 | D:2      | Reached XP level 3. HP: 24/34 MP: 2/2
  1524 | D:2      | Noticed Jessica
  1546 | D:2      | Killed Jessica
  1547 | D:2      | Reached skill level 4 in Armour
  1547 | D:2      | Reached XP level 4. HP: 39/41 MP: 3/3
  1682 | D:2      | Found Jeirhoga's Armour Boutique.
  1869 | D:2      | Found a faded altar of an unknown god.
  2355 | D:3      | You fall into a shaft and drop 1 floor!
  2355 | D:4      | Found a white marble altar of Elyvilon.
  2921 | D:3      | Found a blossoming altar of Fedhas.
  2938 | D:3      | Found a hazy altar of Hepliaklqana.
  3240 | D:4      | Reached XP level 5. HP: 31/47 MP: 4/4
  3350 | D:4      | Reached skill level 1 in Axes
  3584 | D:4      | Reached skill level 5 in Armour
  3871 | D:5      | Entered Level 5 of the Dungeon
  3871 | D:5      | Noticed an ogre
  3877 | D:5      | Reached XP level 6. HP: 52/55 MP: 5/5
  3882 | D:5      | Reached skill level 5 in Fighting
  3882 | D:5      | Reached skill level 5 in Shields
  4042 | D:5      | Found Uthir's Jewellery Shop.
  4052 | D:5      | Reached skill level 6 in Armour
  4052 | D:5      | Reached XP level 7. HP: 61/61 MP: 6/6
  4087 | D:5      | Noticed Menkaure
  4094 | D:5      | Killed Menkaure
  4249 | D:5      | Found a runed translucent gate.
  4249 | D:5      | Found a runed translucent gate.
  4249 | D:5      | Found a runed translucent gate.
  4249 | D:5      | Noticed bahustanut's ghost (amateur DjHW)
  4250 | D:5      | Found a basalt altar of Yredelemnul.
  4337 | D:5      | Noticed Grinder
  4339 | D:5      | Paralysed by Grinder for 3 turns
  4346 | D:5      | Found Dirch's Weapon Emporium.
  4353 | D:5      | Paralysed by Grinder for 3 turns
  4364 | D:5      | Paralysed by Grinder for 3 turns
  4370 | D:5      | Reached skill level 5 in Axes
  4370 | D:5      | Killed Grinder
  4371 | D:5      | Reached XP level 8. HP: 14/70 MP: 7/7
  4626 | D:5      | Found Jyumpy Deigh's Armour Shop.
  4717 | D:5      | Found Nustrorcho's Magic Scroll Shop.
  4721 | D:5      | Bought a scroll of identify for 26 gold pieces
  4737 | D:5      | Found Alucixt's General Store.
  4805 | D:6      | Found Gumi Zex's Mass Market.
  4813 | D:6      | Found Folimuj's Weapon Boutique.
  4815 | D:6      | Bought a +0 executioner's axe for 120 gold pieces
  4842 | D:6      | Reached skill level 7 in Armour
  4993 | D:6      | Found Gujynobu's Jewellery Shoppe.
  5017 | D:6      | Found Meidd's Jewellery Shoppe.
  5178 | D:6      | Found Uphiqu's Magic Scroll Boutique.
  5290 | D:6      | Found a sacrificial altar of Ru.
  5367 | D:7      | Found Jaqaon Zaza's Distillery.
  5690 | D:7      | Found a shimmering blue altar of Sif Muna.
  5836 | D:7      | Found an ancient bone altar of Kikubaaqudgha.
  5893 | D:7      | Reached skill level 9 in Armour
  5893 | D:7      | Reached skill level 5 in Dodging
  5893 | D:7      | Reached XP level 9. HP: 41/82 MP: 8/8
  6118 | D:7      | Found the +5 woodcutter's axe
  6488 | D:7      | Found a staircase to the Ecumenical Temple.
  6498 | Temple   | Entered the Ecumenical Temple
  6518 | Temple   | Became a worshipper of Gozag Ym Sagoz the Greedy
  6639 | D:8      | Noticed a boulder beetle
  7030 | D:8      | Killed a boulder beetle
  7031 | D:8      | Reached skill level 10 in Armour
  7031 | D:8      | Reached XP level 10. HP: 15/90 MP: 9/9
  7046 | D:8      | HP: 4/90 [centaur/arrow (7)]
  7049 | D:8      | Shot with an arrow by a centaur

Illustrated notes

Levels and vault maps discovered:
D:1:      lightli_arrival_statuegarden, layout_basic
D:2:      layout_loops_corners, chequers_ecumenical_altar_island, serial_forest,
          infiniplex_forest_lined_3, infiniplex_forest_end_1,
          infiniplex_forest_clump_diagonal, infiniplex_forest_lined_room_2,
          infiniplex_forest_lined_3, infiniplex_forest_clump_small,
          infiniplex_forest_lined_3, serial_shops, shop, uniq_jessica
D:3:      layout_loops_ring, mainiacjoe_overflow_swirl, minmay_strange_pillars,
          chequers_big_river, chequers_serial_rivers_small_3
D:4:      layout_loops_cross, elyvilon_altar_1, minivault_19, wad_woods_river_04
D:5:      layout_rooms, nicolae_yredelemnul_ghost_church, serial_shops,
          nicolae_shop_rolled_up, nicolae_stop_n_shop_1,
          nicolae_inconvenience_store, shop, nicolae_diamond_shop,
          uniq_menkaure, uniq_grinder
D:6:      layout_cave_pools, nicolae_ru_the_path_less_chosen, serial_shops,
          shop, nicolae_shop_hallway_stairs, shop, shop, serial_park_tiny_1,
          minmay_shop_mass
D:7:      layout_loops_ring, mainiacjoe_overflow_small_starburst,
          lemuel_doored_altar, minmay_temple_entry_gardened_gates, serial_shops,
          shop, pf_guarded_unrand_woodcutter
D:8:      layout_basic
Temple:   zaba_magenta_temple

Skill      XL: |  1  2  3  4  5  6  7  8  9 |
---------------+----------------------------+-----
Fighting       | 4 5 8 |  8.6
Shields        | 4 5 6 8 9 |  9.0
Dodging        | 1 2 5 |  5.8
Armour         | 4 5 6 9 10 | 10.1
Long Blades    | 3 |  3.3
Axes           | 2 3 5 9 |  9.7
Stealth        | 4 |  4.1
Ranged Weapons | |  0.8
Throwing       | |  0.6

Action                     |  1- 3 |  4- 6 |  7- 9 | 10-12 || total
---------------------------+-------+-------+-------+-------++-------
  Melee: Long sword        |    61 |    36 |       |       ||    97
         Headbutt          |    12 |    30 |    22 |       ||    64
         Hand axe          |       |   113 |    54 |       ||   167
         Executioner's axe |       |       |    36 |       ||    36
         Battleaxe         |       |       |    40 |       ||    40
   Fire: Shortbow          |       |       |     7 |       ||     7
  Throw: Javelin           |       |       |     4 |       ||     4
         Dart              |       |       |     2 |       ||     2
    Use: Potion            |       |       |    12 |       ||    12
         Scroll            |       |       |    18 |       ||    18
 Armour: Scale mail        |    16 |       |       |       ||    16
         Chain mail        |    23 |    80 |    83 |     1 ||   187
  Dodge: Dodged            |    22 |    48 |    77 |     2 ||   149
  Block: Buckler           |    18 |    56 |    47 |       ||   121
         Reflection        |       |     3 |     4 |       ||     7
         Other             |       |       |    29 |       ||    29

Table legend: (Time is in decaauts)
 A = Elapsed time spent in this place.
 B = Non-inter-level travel time spent in this place.
 C = Inter-level travel time spent in this place.
 D = Time resting spent in this place.
 E = Time spent auto-exploring this place.
 F = Levels seen in this place.
 G = Mean time per level.
                   A        B        C        D        E       F      G
               +--------+--------+--------+--------+--------+-----+--------+
         Total |   7258 |   6986 |    272 |   1019 |      0 |   9 |  806.4 |
       Dungeon |   7222 |   6950 |    272 |   1019 |      0 |   8 |  902.8 |
        Temple |     36 |     36 |      0 |      0 |      0 |   1 |   36.0 |
               +--------+--------+--------+--------+--------+-----+--------+

Top non-repeatable levels by time:
     D:7: 1304 daAuts
     D:3: 1078 daAuts
     D:2: 1026 daAuts
     D:1: 1024 daAuts
     D:5: 975 daAuts
     D:4: 874 daAuts
     D:6: 527 daAuts
     D:8: 409 daAuts
  Temple: 36 daAuts
